 Dungeon Sprint DCSS version 0.28-a0-1447-ga5a8893891 (webtiles) character file.

Game seed: 16974214774406965564

4095 mhtbhm the Scorcher (level 10, -7/52 HPs)
             Began as a Deep Elf Fire Elementalist on Jan 11, 2022.
             Was the Champion of Vehumet.
             Killed by the air
             ... invoked by a wind drake
              (15 damage)
             ... in the Dungeon (Sprint V: "Ziggurat Sprint").
             The game lasted 00:09:30 (1030 turns).

mhtbhm the Scorcher (Deep Elf Fire Elementalist)    Turns: 1030, Time: 00:09:30

Health: -7/52      AC: 10    Str:  5    XL:     10   Next: 5%
Magic:  24/29      EV: 18    Int: 37    God:    Vehumet [******]
Gold:   0          SH:  0    Dex: 15    Spells: 22/35 levels left

rFire   + . .      SeeInvis +   u - +8 lance "Wyrmbane" {slay drac, rPois rF+ rC+ AC+3}
rCold   + . .      Faith    .   (no shield)
rNeg    . . .      Spirit   .   a - +2 robe {Will+}
rPois   +          Reflect  .   G - +2 helmet {SInv}
rElec   +          Harm     .   (no cloak)
rCorr   .          Rampage  .   (no gloves)
Will    ++...      NoTele   +   (no boots)
Stlth   ++++......              F - amulet of the Air {Inacc Air Fly rElec RMsl}
HPRegen 0.17/turn               x - +6 ring of intelligence
MPRegen 0.21/turn               y - +6 ring of intelligence

@: flying, repel missiles
A: no striking features
a: Renounce Religion


You were in the Dungeon.
You worshipped Vehumet.
Vehumet was exalted by your worship.
You visited 1 branch

Inventory:

Hand Weapons
 u - the +8 lance "Wyrmbane" (weapon) {slay drac, rPois rF+ rC+ AC+3}
   (You found it in the Dungeon)

   It inflicts extra damage against dragons and draconians.
   AC:        It affects your AC (+3).
   rF:        It protects you from fire.
   rC:        It protects you from cold.
   rPois:     It protects you from poison.
Armour
 a - a +2 robe of willpower (worn)
 G - a +2 helmet of see invisible (worn)
Jewellery
 x - a +6 ring of intelligence (left hand)
 y - a +6 ring of intelligence (right hand)
 F - the amulet of the Air (around neck) {Inacc Air Fly rElec RMsl}
   (You found it in the Dungeon)

   [amulet of nothing]

   It reduces the accuracy of all your attacks.
   It enhances your air magic.
   rElec:     It insulates you from electricity.
   Fly:       It grants you flight.
   RMsl:      It protects you from missiles.
 I - the ring "Exkues" {rElec rC- Will+ Dex+8}
   (You found it in the Dungeon)

   [ring of willpower]

   Dex:       It affects your dexterity (+8).
   rC:        It makes you vulnerable to cold.
   rElec:     It insulates you from electricity.
   Will:      It increases your willpower.
Wands
 s - a wand of iceblast (5)
 t - a wand of acid (1)
Scrolls
 g - 4 scrolls of blinking
 h - 4 scrolls of amnesia
 i - 6 scrolls of fog
 j - a scroll of holy word
 k - 3 scrolls of identify
 l - 2 scrolls of fear
 E - 2 scrolls of brand weapon
Potions
 b - 9 potions of curing
 c - 5 potions of heal wounds
 d - 6 potions of haste
 e - 7 potions of magic
 f - 3 potions of berserk rage
 m - 2 potions of brilliance
 n - 2 potions of invisibility
 o - 4 potions of resistance
 p - a potion of experience
 q - 5 potions of might
 C - a potion of lignification
 D - a potion of ambrosia
Miscellaneous
 v - a condenser vane
 w - a piece from Xom's chessboard (15/15)
 z - a box of beasts
 A - a tin of tremorstones (2/2)
 B - a lightning rod (4/4)


   Skills:
 + Level 1.2 Fighting
 + Level 1.1 Polearms
 + Level 11.4 Dodging
 + Level 9.1 Stealth
 + Level 13.4 Spellcasting
 + Level 6.1 Conjurations
 + Level 0.9 Transmutations
 + Level 17.1 Fire Magic
 + Level 0.4 Earth Magic
 + Level 7.1 Evocations


You had 22 spell levels left.
You knew the following spells:

 Your Spells              Type           Power      Damage    Failure   Level
a - Foxfire               Conj/Fire      100%       2x1d9     0%          1
b - Sandblast             Erth           56%        2d13      1%          1
c - Inner Flame           Hex/Fire       73%        N/A       1%          3
d - Petrify               Tmut/Erth      29%        N/A       12%         4
e - Flame Wave            Conj/Fire      84%        2d12      1%          4

Your spell library contained the following spells:

 Spells                   Type           Power      Damage    Failure   Level
 Iskenderun's Battlesphe  Conj           63%        2d11      1%          5
 Scorch                   Fire           100%       2d10      0%          2
 Beastly Appendage        Tmut           62%        N/A       1%          1
 Conjure Flame            Conj/Fire      84%        6-21      1%          3
 Blink                    Tloc           48%        N/A       2%          2
 Lesser Beckoning         Tloc           24%        N/A       4%          3
 Ozocubu's Armour         Ice            24%        N/A       4%          3
 Blade Hands              Tmut           15%        N/A       28%         5
 Manifold Assault         Tloc           24%        N/A       38%         5
 Ozocubu's Refrigeration  Ice            12%        4d7       95%         7


Dungeon Overview and Level Annotations

Branches:
Dungeon (1/1)

Altars:
Ashenzari
Cheibriados
Dithmenos
Elyvilon
Fedhas
Gozag
Hepliaklqana
Kikubaaqudgha
Makhleb
Nemelex Xobeh
Okawaru
Qazlal
Ru
Sif Muna
Trog
Uskayaw
Vehumet
Wu Jian
Xom
Yredelemnul
Zin
The Shining One
Beogh
Jiyva
Lugonu

Annotations:
D 1 transporter


Message History

You destroy the air elemental!
Vehumet accepts your kill.
You feel your power returning. (Press . to intensify the flame waves.)
Your Polearms skill increases to level 1!
Your Dodging skill increases to level 11!
Your Conjurations skill increases to level 6!
Your Evocations skill increases to level 7!
You have reached level 10!
Unknown command.
A wave of flame ripples out!
The flame wave engulfs the wind drake.
The wind drake is severely wounded.
The flame wave engulfs the wind drake.
The wind drake is heavily wounded.
The wind drake exhales a fierce blast of wind! x2
A wave of flame ripples out!
The flame wave engulfs the wind drake!!
The wind drake is severely wounded.
The flame wave engulfs the wind drake!
You kill the wind drake!
Vehumet accepts your kill.
You feel your power returning.
The flame wave engulfs the wind drake!
The wind drake is heavily wounded.
The wind drake bites you.
A wave of flame ripples out!
The flame wave engulfs the wind drake!
The wind drake is almost dead.
The flame wave engulfs the wind drake!
The wind drake is severely wounded.
You finish channelling waves of flame.
Unknown command.
The wind drake exhales a fierce blast of wind!
The wind drake flaps its wings at you. The air twists around and strikes you!
* * * LOW HITPOINT WARNING * * *
The wind drake bites you.
* * * LOW HITPOINT WARNING * * *
The wind drake barely misses you.
The wind drake exhales a fierce blast of wind!
The wind drake flaps its wings at you. The air twists around and strikes you!
You die...

▓...8©8...▓..8©8..▓
▓..)})))..▓..[....▓
▓...)=}...▓..)....▓
▓.........▓.......▓
▓.........▓.......▓
▓.........▓...)...▓
▓.........▓..÷÷)..▓
▓.▓....†▓k▓.▓...▓.▓
▓....©..k@▓...©...▓
▓▓▓▓▓▓▓▓▓▓▓▓▓▓▓▓▓▓▓


You could see 2 wind drakes.

Vanquished Creatures
  2 ugly things (D)
  A hornet (D)
  A tarantella (D)
  A wind drake (D)
  Sigmund (D)
  2 spriggans (D)
  5 air elementals (D)
  A basilisk (shapeshifter) (D)
  A hell hound (D)
  A water moccasin (D)
  Duvessa (D)
  A black bear (shapeshifter) (D)
  4 wolves (D)
  A necrophage (D)
  A phantom (D)
  Blork the orc (D)
  2 scorpions (D)
  Dowan (D)
  A wight (D)
  A quasit (D)
  2 orc priests (D)
  Crazy Yiuf (D)
  Jessica (D)
  An orc wizard (D)
  An adder skeleton (D)
  An orc (D)
  A ball python (D)
  A ball python zombie (D)
  A giant cockroach zombie (D)
  A quokka skeleton (D)
  2 quokka zombies (D)
43 creatures vanquished.

Vanquished Creatures (others)
  A ball python skeleton (D)
  33 foxfires (D)
34 creatures vanquished.

Grand Total: 77 creatures vanquished

Notes
Turn   | Place    | Note
-------+----------+-------------------------------------------
     0 | D        | mhtbhm the Deep Elf Fire Elementalist began the quest for
                  | the Orb.
     0 | D        | Reached XP level 1. HP: 10/10 MP: 6/6
     0 | D        | Found a blossoming altar of Fedhas.
     0 | D        | Found the +6 Majin-Bo {vamp, MP+6 Int+6}
     0 | D        | Found the +9 heavy crossbow "Sniper" {vorpal, Acc+∞ SInv}
     0 | D        | Found the +10 dark maul {vorpal}
     0 | D        | Found the +15 Maxwell's patent armour {-Cast -Tele rElec
                  | Will+ rCorr}
     0 | D        | Found the +18 shield of the Gong {rElec rN+ Will+ EV-5}
     0 | D        | Found the +14 obsidian axe {vorpal, Mesm Drain Fly SInv}
     0 | D        | Found the +7 great mace "Firestarter" {inner flame, rF++}
     0 | D        | Found the +6 shillelagh "Devastator" {shatter}
     0 | D        | Found the +11 plutonium sword {Contam Stlth-}
     0 | D        | Found the +8 lance "Wyrmbane" {slay drac, rPois rF+ rC+
                  | AC+3}
     0 | D        | Found the +9 sword of Zonguldrok {reap}
     0 | D        | Found the +13 scythe of Curses {drain, Drain}
     0 | D        | Found the +5 sword of Power {vorpal}
     0 | D        | Found the +7 mace of Variability {chain chaos}
     0 | D        | Found the +7 Singing Sword {vorpal, sonic wave}
     0 | D        | Found the +8 storm bow {elec, penet}
     1 | D        | Found a transporter.
     1 | D        | Found a viscous altar of Jiyva.
     1 | D        | Found an ancient bone altar of Kikubaaqudgha.
     1 | D        | Found a hazy altar of Hepliaklqana.
     1 | D        | Found a corrupted altar of Lugonu.
     1 | D        | Found an opulent altar of Gozag.
     1 | D        | Found a burning altar of Makhleb.
     3 | D        | Found a sacrificial altar of Ru.
     3 | D        | Found a stormy altar of Qazlal.
     3 | D        | Found a shimmering blue altar of Sif Muna.
     3 | D        | Found an iron altar of Okawaru.
     3 | D        | Found a bloodstained altar of Trog.
     3 | D        | Found a sparkling altar of Nemelex Xobeh.
    64 | D        | Became a worshipper of Vehumet
    81 | D        | Entered arena 2.
    81 | D        | Noticed a water moccasin
    81 | D        | Found a transporter.
    86 | D        | Killed a water moccasin
    87 | D        | Reached skill level 5 in Spellcasting
    87 | D        | Reached skill level 7 in Fire Magic
    87 | D        | Reached skill level 1 in Evocations
    87 | D        | Reached XP level 2. HP: 15/15 MP: 4/10
    87 | D        | Reached XP level 3. HP: 19/19 MP: 4/12
    87 | D        | Reached XP level 4. HP: 24/24 MP: 4/13
   158 | D        | Entered arena 3.
   158 | D        | Noticed a scorpion
   158 | D        | Noticed a tarantella
   158 | D        | Noticed a scorpion
   158 | D        | Found a transporter.
   159 | D        | Killed a scorpion
   159 | D        | Reached * piety under Vehumet
   159 | D        | Offered knowledge of Sandblast by Vehumet.
   159 | D        | Killed a scorpion
   160 | D        | Reached skill level 5 in Dodging
   160 | D        | Reached skill level 5 in Stealth
   160 | D        | Reached skill level 9 in Fire Magic
   160 | D        | Reached XP level 5. HP: 28/28 MP: 13/16
   160 | D        | Killed a tarantella
   161 | D        | Reached skill level 11 in Fire Magic
   161 | D        | Reached XP level 6. HP: 32/32 MP: 14/19
   197 | D        | Got the Guide on Changing
   200 | D        | Learned a level 1 spell: Sandblast
   204 | D        | Learned a level 3 spell: Inner Flame
   209 | D        | Learned a level 4 spell: Petrify
   211 | D        | Entered arena 4.
   211 | D        | Noticed a red ugly thing
   211 | D        | Noticed a white ugly thing
   211 | D        | Noticed a basilisk
   211 | D        | Found a transporter.
   215 | D        | Killed a white ugly thing
   215 | D        | Offered knowledge of Static Discharge by Vehumet.
   215 | D        | Reached ** piety under Vehumet
   215 | D        | Killed a basilisk
   216 | D        | Reached skill level 10 in Spellcasting
   216 | D        | Reached skill level 14 in Fire Magic
   216 | D        | Reached XP level 7. HP: 36/36 MP: 19/22
   216 | D        | Reached XP level 8. HP: 41/41 MP: 20/24
   217 | D        | Killed a red ugly thing
   217 | D        | Reached *** piety under Vehumet
   308 | D        | Entered arena 5.
   308 | D        | Found a transporter.
   315 | D        | Learned a level 4 spell: Flame Wave
   324 | D        | Reached skill level 15 in Fire Magic
   329 | D        | Reached skill level 5 in Evocations
   335 | D        | Got the Almanac of the Fiery Traveller
   447 | D        | Entered arena 6.
   447 | D        | Found a transporter.
   451 | D        | Offered knowledge of Stone Arrow by Vehumet.
   451 | D        | Reached **** piety under Vehumet
   453 | D        | Reached ***** piety under Vehumet
   557 | D        | Entered arena 7.
   557 | D        | Noticed Sigmund
   557 | D        | Noticed Jessica
   557 | D        | Noticed Blork the orc
   557 | D        | Noticed Crazy Yiuf
   557 | D        | Noticed Dowan
   557 | D        | Noticed Duvessa
   562 | D        | Killed Crazy Yiuf
   564 | D        | Killed Jessica
   565 | D        | Killed Blork the orc
   565 | D        | Killed Duvessa
   566 | D        | Killed Dowan
   567 | D        | Reached XP level 9. HP: 27/45 MP: 16/26
   568 | D        | Killed Sigmund
   569 | D        | Reached skill level 16 in Fire Magic
   569 | D        | Found a transporter.
   652 | D        | Entered arena 8.
   652 | D        | Found the amulet of the Air {Inacc Air Fly rElec RMsl}
   652 | D        | Noticed a spriggan rider
   653 | D        | Found a transporter.
   656 | D        | Offered knowledge of Ignite Poison by Vehumet.
   657 | D        | Reached ****** piety under Vehumet
   660 | D        | Reached skill level 10 in Dodging
   664 | D        | Paralysed by a hornet for 2 turns
   681 | D        | Paralysed by a hornet for 1 turns
   947 | D        | Entered arena 9.
   948 | D        | Found a transporter.
   951 | D        | Offered knowledge of Iskenderun's Battlesphere by Vehumet.
   953 | D        | Reached skill level 5 in Conjurations
   987 | D        | Got the amulet "Mopnezxoqup" {Spirit rPois}
   991 | D        | Got the ring "Exkues" {rElec rC- Will+ Dex+8}
  1014 | D        | Entered arena 10.
  1014 | D        | Noticed a wind drake
  1014 | D        | Noticed a wind drake
  1014 | D        | Noticed a wind drake
  1015 | D        | Found a transporter.
  1015 | D        | Paralysed by an air elemental for 1 turns
  1018 | D        | Paralysed by an air elemental for 1 turns
  1022 | D        | Paralysed by an air elemental for 1 turns
  1023 | D        | Reached skill level 1 in Fighting
  1023 | D        | Reached skill level 17 in Fire Magic
  1025 | D        | Reached skill level 1 in Polearms
  1025 | D        | Reached XP level 10. HP: 29/52 MP: 21/29
  1030 | D        | Killed from afar by a wind drake

Illustrated notes

Levels and vault maps discovered:
D:        sprint_v [room_start, room_1, room_2, room_3, room_4, room_5, room_6,
          room_7, room_8, room_9, room_10, room_11, room_12, room_13, room_14,
          room_15, room_16, room_17, room_18, room_19, room_20, room_21,
          room_22, room_23, room_24, room_25, room_26, room_27]

Skill      XL: |  1  2  3  4  5  6  7  8  9 |
---------------+----------------------------+-----
Dodging        | 4 5 6 8 9 11 | 11.4
Stealth        | 4 5 6 7 8 9 |  9.1
Spellcasting   | 5 7 8 10 11 13 | 13.4
Fire Magic     | 7 9 11 14 15 17 | 17.1
Evocations     | 1 2 4 5 7 |  7.1
Conjurations   | 2 3 6 |  6.1
Fighting       | 1 |  1.2
Polearms       | 1 |  1.1
Transmutations | |  0.9
Earth Magic    | |  0.4

Action                   |  1- 3 |  4- 6 |  7- 9 | 10-12 || total
-------------------------+-------+-------+-------+-------++-------
Melee: Lance             |       |       |     9 |       ||     9
       Punch             |       |       |     1 |       ||     1
 Cast: Foxfire           |     1 |       |    18 |       ||    19
       Flame Wave        |       |       |    12 |       ||    12
       Petrify           |       |       |     1 |       ||     1
Evoke: Wand              |     3 |     4 |     8 |       ||    15
       Condenser vane    |       |     2 |     2 |       ||     4
  Use: Scroll            |       |       |     3 |       ||     3
       Potion            |       |       |     6 |       ||     6
Armor: Robe              |     1 |       |    14 |       ||    15
Dodge: Dodged            |     1 |       |    66 |     1 ||    68
       Repelled          |       |       |     3 |       ||     3

Table legend: (Time is in decaauts)
 A = Elapsed time spent in this place.
 B = Non-inter-level travel time spent in this place.
 C = Inter-level travel time spent in this place.
 D = Time resting spent in this place.
 E = Time spent auto-exploring this place.
 F = Levels seen in this place.
 G = Mean time per level.
                   A        B        C        D        E       F      G
               +--------+--------+--------+--------+--------+-----+--------+
         Total |   1029 |   1029 |      0 |    624 |      0 |   1 | 1029.0 |
       Dungeon |   1029 |   1029 |      0 |    624 |      0 |   1 | 1029.0 |
               +--------+--------+--------+--------+--------+-----+--------+

Top non-repeatable levels by time:
       D: 1029 daAuts
